 Dungeon Crawl Stone Soup version 0.28.0-49-g6dfe1f597d (webtiles) character file.

Game seed: 4104634248085375358

2 Gabide the Sneak (level 1, -1/19 HPs)
             Began as a Barachi Delver on May 18, 2022.
             Slain by a bullfrog (3 damage)
             ... on level 6 of the Dungeon.
             The game lasted 00:02:09 (302 turns).

Gabide the Sneak (Barachi Delver)                    Turns: 302, Time: 00:02:09

Health: -1/19      AC:  3    Str: 13    XL:     1   Next: 30%
Magic:  1/1        EV: 12    Int: 10    God:
Gold:   4          SH:  0    Dex: 13    Spells: 0/0 levels left

rFire   . . .      SeeInvis .   a - +0 falchion
rCold   . . .      Faith    .   (no shield)
rNeg    . . .      Spirit   .   b - +0 leather armour
rPois   .          Reflect  .   (no helmet)
rElec   .          Harm     .   (no cloak)
rCorr   .          Rampage  .   (no gloves)
Will    .....                   (no boots)
Stlth   ++........              (no amulet)
HPRegen 0.06/turn               (no ring)
MPRegen 0.07/turn               (no ring)

@: unable to hop, hasted, quick
A: amphibious, slowness 1, strong legs 1, +LOS
a: Hop


You were on level 6 of the Dungeon.
You visited 1 branch of the dungeon, and saw 2 of its levels.

You collected 4 gold pieces.

Inventory:

Hand Weapons
 a - a +0 falchion (weapon)
Armour
 b - a +0 leather armour (worn)
 c - a +0 ring mail
 h - a +0 scale mail
Wands
 g - a wand of digging (3)


   Skills:
 + Level 3.7 Fighting
 + Level 2.5 Long Blades
 + Level 2.2 Dodging
 - Level 4.5 Stealth


You couldn't memorise any spells.
You didn't know any spells.
Your spell library contained the following spells:

 Spells                   Type           Power      Damage    Failure   Level
 Ensorcelled Hibernation  Hex/Ice        0%         N/A       58%         2
 Spider Form              Tmut/Pois      0%         N/A       82%         3
 Anguish                  Hex/Necr       0%         N/A       99%         4


Dungeon Overview and Level Annotations

Branches:
Dungeon (6/15)
 Temple: D:4-7

Altars:

Shops:
D:5 !


Innate Abilities, Weirdness & Mutations

You are amphibious.
You cover ground slowly.
You can hop short distances.
You have an extended range of vision and can be seen from far away.


Message History

You now have 4 gold pieces.
As you read the scroll of magic mapping, it crumbles to dust.
You feel aware of your surroundings.
You sensed 1 altar.
A bullfrog comes into view.
As you read the scroll of fog, it crumbles to dust.
The scroll dissolves into smoke.
The bullfrog barely misses you. The bullfrog hits you.
Found a ring mail and 12 gold pieces.
The bullfrog barely misses you. The bullfrog closely misses you.
You see here a book of Dreams.
You pick up a book of Dreams and begin reading...
You add the spells Ensorcelled Hibernation, Spider Form and Anguish to your library.
The bullfrog barely misses you.
The bullfrog hits you but does no damage.
Found a scroll labelled LEUSKUYHEA.
You see here a +0 ring mail.
c - a +0 ring mail The bullfrog closely misses you.
The bullfrog hits you! The bullfrog misses you. The bullfrog hits you!
* * * LOW HITPOINT WARNING * * *
Hop to where?
Press: ? - help, Dir - move target Boing!
Okay, then.
Unknown command.
Unknown command.
Okay, then.
Okay, then.
Press: ? - help, v - describe, . - travel
Here: a bullfrog The floor.
Unknown command.
Okay, then.
As you read the scroll of fear, it crumbles to dust.
You assume a fearsome visage.
The bullfrog looks frightened!
Cornered, the bullfrog turns to fight!
You feel yourself speed up. The bullfrog hits you.
You die...

**,,,***,*,,,,..#.#......# *,*
*,,,,,,,***#.#.#.#......# *,*
********* #.#.#.#......# *,*
*,,,* #.#.#.#......# ****,* *,,,*
#(#)#.#......# *,,,,,
****,,,######.#.#.#......# *,,,,,
,,,,,,..........#.#......# *,,,,,
,,,,,,.........<#.##...#####*****
****,,...[..#...@F.........+*,≈,*
,,,,,,............######...#*,≈,*
******#.....############...#*,≈,*
#.....* *...........#*,≈,*
#....,* *...........#*,≈,*
*....,* *..?........#**+**
*..,,,* *.........$.#*,,,,
*,,,,,* *########..F#*,,,,
*,,,,,* #####*,,,,


You could see a bullfrog.

Vanquished Creatures
  An orc (D:6)
1 creature vanquished.

Notes
Turn   | Place    | Note
-------+----------+-------------------------------------------
     0 | D:5      | Gabide the Barachi Delver began the quest for the Orb.
     0 | D:5      | Reached XP level 1. HP: 18/18 MP: 1/1
   272 | D:6      | Noticed a bullfrog
   302 | D:6      | Slain by a bullfrog

Illustrated notes

Levels and vault maps discovered:
D:5:      layout_loops_ring, mainiacjoe_overflow_surrounded_room,
          palyth_stone_intersect, nicolae_take_the_stairs
D:6:      layout_basic, trog_wizard, ebering_ghost_reflecting_pool

Action                   || total
-------------------------++-------
Melee: Falchion          ||    16
 Abil: Hop               ||     1
  Use: Scroll            ||     3
       Potion            ||     1
 Stab: Sleeping          ||     1
Armor: Leather armour    ||     3
Dodge: Dodged            ||    14
